 Dungeon Sprint DCSS version 0.31-a0-154-g56bf346678 (webtiles) character file.

Game seed: 9558555310583289896

0 rocky1 the Chopper (level 2, 0/26 HPs)
             Began as a Minotaur Gladiator on June 12, 2023.
             Was an Initiate of Okawaru.
             Slain by a water moccasin (2 damage)
             ... in the Dungeon (Sprint VI: "Thunderdome").
             The game lasted 00:00:49 (153 turns).

rocky1 the Chopper (Minotaur Gladiator)              Turns: 153, Time: 00:00:50

Health: 0/26       AC:  3    Str: 18    XL:     2   Next: 96%
Magic:  1/1        EV: 13    Int:  5    God:    Okawaru [......]
Gold:   200        SH:  0    Dex: 11    Spells: 1/1 levels left

rFire   . . .        a - +0 war axe
rCold   . . .        (no shield)
rNeg    . . .        b - +0 leather armour
rPois   .            c - +0 hat
rElec   .            (no cloak)
rCorr   .            (no gloves)
SInv    .            (no boots)
Will    .....        (no amulet)
Stlth   +            (no ring)
HPRegen 0.24/turn    (no ring)
MPRegen 0.07/turn

%: no teleportation
@: no status effects
A: horns 2, retaliatory headbutt
a: Renounce Religion


You were in the Dungeon.
You worshipped Okawaru.
Okawaru was noncommittal.
You visited 1 branch You collected 200 gold pieces.

Inventory:

Hand Weapons
 a - a +0 war axe (weapon)
Missiles
 d - 3 throwing nets (quivered)
 e - a javelin
Armour
 b - a +0 leather armour (worn)
 c - a +0 hat (worn)
Wands
 m - a wand of quicksilver (5)
 n - a wand of roots (5)
Scrolls
 k - 4 scrolls of blinking
 o - 3 scrolls of fog
Potions
 g - 3 potions of heal wounds
 h - 4 potions of haste
 i - 2 potions of magic
 j - a potion of berserk rage
 l - 2 potions of resistance


   Skills:
 + Level 3.4 Fighting
 + Level 5.5 Axes
 + Level 2.5 Throwing
 + Level 1.2 Armour
 + Level 5.2 Dodging


You had one spell level left.
You didn't know any spells.
Your spell library was empty.

Dungeon Overview and Level Annotations

Branches:
Dungeon (1/1)

Altars:
Cheibriados
Dithmenos
Fedhas
Gozag
Kikubaaqudgha
Makhleb
Okawaru
Qazlal
Ru
Sif Muna
Trog
Uskayaw
Vehumet
Wu Jian
Xom
Yredelemnul
Zin
The Shining One
Lugonu

Shops:
D *[??*?*:[((!!!!


Innate Abilities, Weirdness & Mutations

You have a pair of horns on your head.
You reflexively headbutt those who attack you in melee.


Message History

The ball python barely misses you.
You feel better. The adder closely misses you.
The water moccasin completely misses you.
The ball python misses you. The ball python closely misses you.
Unknown command.
You feel much better. The adder closely misses you. You furiously retaliate!
You headbutt the adder!
You kill the adder!
Okawaru accepts your kill. The water moccasin misses you.
The ball python barely misses you. The ball python grabs you.
The ball python constricts you. The water moccasin closely misses you.
Your Armour skill increases to level 1!
Your Dodging skill increases to level 5!
You hit the ball python.
You kill the ball python!
Okawaru accepts your kill.
You barely miss the water moccasin. The water moccasin bites you!
Unknown command.
You barely miss the water moccasin. You headbutt the water moccasin.
The water moccasin is lightly wounded.
The water moccasin bites you. The water moccasin barely misses you.
You barely miss the water moccasin.
The water moccasin is lightly wounded.
The water moccasin bites you!
* * * LOW HITPOINT WARNING * * *
The water moccasin barely misses you.
You closely miss the water moccasin. You headbutt the water moccasin!
The water moccasin is heavily wounded.
The water moccasin bites you but does no damage.
You completely miss the water moccasin.
The water moccasin is heavily wounded.
The water moccasin barely misses you. You furiously retaliate!
You headbutt the water moccasin! The water moccasin bites you.
* * * LOW HITPOINT WARNING * * *
You miss the water moccasin.
The water moccasin is almost dead.
The water moccasin bites you but does no damage.
The water moccasin bites you.
You die...

##⌠⌠⌠## #.....# ##.....##
##∩.....∩## #∩.......∩#
#_......._# #_......._#
#_.S......# ###.@.......###
#⌠...........⌠#
######.8.........8.######
##.___......###.......__∩##
###∩........8.# #.8........∩#
#.............###............
⌠..........###...###.........
⌠..........# #.<.# #.........
⌠..........###...###.........


You could see a water moccasin.

Vanquished Creatures
  3 adders (D)
  A ball python (D)
4 creatures vanquished.

Notes
Turn   | Place    | Note
-------+----------+-------------------------------------------
     0 | D        | rocky1 the Minotaur Gladiator began the quest for the Orb.
     0 | D        | Reached XP level 1. HP: 18/18 MP: 0/0
     3 | D        | Found a shadowy altar of Dithmenos.
     3 | D        | Found an ornate altar of the Wu Jian Council.
     4 | D        | Found a burning altar of Makhleb.
     4 | D        | Found an iron altar of Okawaru.
     5 | D        | Found a snail-covered altar of Cheibriados.
     5 | D        | Found an ancient bone altar of Kikubaaqudgha.
     5 | D        | Round 1.
     6 | D        | Found a hide-covered altar of Uskayaw.
     6 | D        | Found a glowing golden altar of the Shining One.
     6 | D        | Found Tiron's Identification Station.
     7 | D        | Found Kurghios's Jewellery.
     7 | D        | Found Peodgharo's Advanced Armour.
    13 | D        | Found a basalt altar of Yredelemnul.
    17 | D        | Found a shimmering blue altar of Sif Muna.
    20 | D        | Found Siraigac's Premium Goods.
    21 | D        | Found a corrupted altar of Lugonu.
    21 | D        | Found a stormy altar of Qazlal.
    21 | D        | Found a radiant altar of Vehumet.
    21 | D        | Found Kottiater's Weapon Rack.
    22 | D        | Found Wepeoch's Miscellaneous Merchandise.
    22 | D        | Found Upibluunk's Basic Armour.
    26 | D        | Found a shimmering altar of Xom.
    28 | D        | Found an opulent altar of Gozag.
    29 | D        | Found Bodojun's Do-It-Yourself Clinic.
    31 | D        | Found Zoosem's Bottled Wisdom.
    31 | D        | Found Ucontayz's Distillery.
    33 | D        | Found a bloodstained altar of Trog.
    33 | D        | Found a glowing silver altar of Zin.
    33 | D        | Found Wourucw's Distillery.
    37 | D        | Reached XP level 2. HP: 17/25 MP: 1/1
    46 | D        | Reached skill level 5 in Axes
    51 | D        | Found a sacrificial altar of Ru.
    55 | D        | Found a blossoming altar of Fedhas.
    56 | D        | Found Sar Joth's Staff Store.
    56 | D        | Found Nesed's Magic Scroll Shop.
    57 | D        | Found Osanuem's Must-Have Magic.
    57 | D        | Found Ynosud's Magic Scroll Shop.
    68 | D        | Became a worshipper of Warmaster Okawaru
   139 | D        | Noticed a water moccasin
   148 | D        | Reached skill level 1 in Armour
   148 | D        | Reached skill level 5 in Dodging
   153 | D        | Slain by a water moccasin

Illustrated notes

Levels and vault maps discovered:
D:        arena_sprint

Skill      XL: |  1  2 |
---------------+-------+-----
Axes           | 4 5 |  5.5
Dodging        | 4 5 |  5.2
Fighting       | 3 |  3.4
Armour         | 1 |  1.2
Throwing       | |  2.5

Action                     || total
---------------------------++-------
  Melee: War axe           ||    21
         Headbutt          ||     4
    Use: Potion            ||     2
 Armour: Leather armour    ||     3
  Dodge: Dodged            ||    29

Table legend: (Time is in decaauts)
 A = Elapsed time spent in this place.
 B = Non-inter-level travel time spent in this place.
 C = Inter-level travel time spent in this place.
 D = Time resting spent in this place.
 E = Time spent auto-exploring this place.
 F = Levels seen in this place.
 G = Mean time per level.
                   A        B        C        D        E       F      G
               +--------+--------+--------+--------+--------+-----+--------+
         Total |    157 |    157 |      0 |     64 |      0 |   1 |  157.0 |
       Dungeon |    157 |    157 |      0 |     64 |      0 |   1 |  157.0 |
               +--------+--------+--------+--------+--------+-----+--------+

Top non-repeatable levels by time:
       D: 157 daAuts
